 Dungeon Crawl Stone Soup version 0.31-a0-214-gb37851dbb3 (webtiles) character file.

Game seed: 10625201033227685926

100 qw the Shooter (level 4, -2/26 HPs)
             Began as a Gargoyle Hexslinger on July 1, 2023.
             Slain by Sigmund
             ... wielding a +0 scythe
              (10 damage)
             ... on level 3 of the Dungeon.
             The game lasted 00:00:26 (835 turns).

qw the Shooter (Gargoyle Hexslinger)                 Turns: 835, Time: 00:00:26

Health: -2/26      AC:  7    Str: 12    XL:     4   Next: 74%
Magic:  5/5        EV: 11    Int: 13    God:
Gold:   83         SH:  0    Dex: 14    Spells: 4/5 levels left

rFire   . . .        Y - +2 sling
rCold   . . .        (no shield)
rNeg    + . .        f - +0 leather armour
rPois   inf          d - +0 helmet
rElec   +            (no cloak)
rCorr   .            (no gloves)
SInv    .            (no boots)
Will    .....        (no amulet)
Stlth   +            (no ring)
HPRegen 0.24/turn    (no ring)
MPRegen 0.09/turn

%: no passive effects
@: confused
A: sickness immunity, AC +3, negative energy resistance 1, electricity
resistance, torment resistance 1, petrification resistance
a: no special abilities


You were on level 3 of the Dungeon.
You visited 1 branch of the dungeon, and saw 3 of its levels.

You collected 83 gold pieces.


Innate Abilities, Weirdness & Mutations

You are immune to sickness and miasma.
Your stone body is resilient. (AC +3)
You are immune to poison.
You resist negative energy. (rN+)
You are resistant to electric shocks. (rElec)
You are resistant to unholy torment.
You are immune to petrification.


   Skills:
 - Level 2.0 Fighting
 + Level 4.4 Ranged Weapons
 - Level 1.5 Dodging
 - Level 1.0 Spellcasting
 - Level 2.6 Hexes


You had 4 spell levels left.
You knew the following spells:

 Your Spells              Type           Power      Damage    Failure   Level
a - Slow                  Hex            28%        N/A       12%         1

Your spell library contained the following spells:

 Spells                   Type           Power      Damage    Failure   Level
 Inner Flame              Hex/Fire       4%         N/A       52%         3
 Portal Projectile        Hex/Tloc       8%         N/A       52%         3
 Cause Fear               Hex            3%         N/A       75%         4

Inventory:

Hand Weapons
 Y - a +2 sling (weapon)
Armour
 d - a +0 helmet (worn)
 f - a +0 leather armour (worn)
Scrolls
 a - a scroll of immolation {unknown}
 m - a scroll of identify
Potions
 b - a potion of enlightenment {unknown}
 j - a potion of haste {unknown}
 l - a potion of ambrosia {unknown}
 n - a potion of curing {unknown}
 o - a potion of degeneration {unknown}

Dungeon Overview and Level Annotations

Branches:
Dungeon (3/15)

Altars:

Shops:
D:3 (

Annotations:
D:3 Sigmund


Message History

Sigmund mumbles some strange words.
Sigmund flickers and vanishes!
Deactivating autopickup; reactivate with Ctrl-A.
A magic dart appears from out of thin air!
The magic dart hits you!
You shoot a sling bullet. You shoot a sling bullet.
You hear the slow rusting of a very distant drain.
Jessica the Apprentice Sorceress comes into view.
She is wielding a +0 club.
You shoot a sling bullet. The sling bullet barely misses Jessica.
Something hits you!
Jessica gestures wildly while chanting.
Jessica blinks!
You shoot a sling bullet. The sling bullet hits Jessica.
Jessica is severely wounded.
Jessica gestures wildly while chanting.
Jessica blinks!
Something hits you but does no damage.
You shoot a sling bullet.
The sling bullet hits Jessica but does no damage.
Jessica is severely wounded.
Something hits you but does no damage.
A quokka comes into view.
You shoot a sling bullet. The sling bullet hits Jessica.
You kill Jessica!
Something hits you.
You shoot a sling bullet. The sling bullet hits the quokka!
You kill the quokka!
You shoot a sling bullet. Something hits you but does no damage.
You shoot a sling bullet.
A magic dart appears from out of thin air!
The magic dart hits you.
You shoot a sling bullet.
You hear some strange, mumbled words.
You are confused.
You shoot a sling bullet. Something hits you but does no damage.
You shoot a sling bullet. Something hits you!
You die...

#... #......!...#
#..# ##.%........#
#..# ...........
#..# ##.)......
###..# .........
###...## $\...{
##...#.#
##..###..###.#
#..@....## #.#
#.####..# #.# #.
#...# #.# #.
#...####.#
####.###.#.##...#
#........#.##.###
#...#.####.##.#####
##...#.####........#
#....#.##..........#


There were no monsters in sight!

Vanquished Creatures
  Jessica (D:3)
  An orc wizard (D:2)
  3 adders
  A dart slug (D:1)
  2 orcs (D:2)
  A bat (D:2)
  An endoplasm (D:1)
  3 goblins (D:1)
  4 hobgoblins
  2 quokkas
  A ball python (D:2)
  A frilled lizard (D:2)
21 creatures vanquished.

Notes
Turn   | Place    | Note
-------+----------+-------------------------------------------
     0 | D:1      | qw the Gargoyle Hexslinger began the quest for the Orb.
     0 | D:1      | Reached XP level 1. HP: 12/12 MP: 2/2
     0 | D:1      | 0 ||| qw: Version: 0.3-a-32-g5962c71
     0 | D:1      | 0 ||| qw: Game counter: 7488
     0 | D:1      | 0 ||| qw: Melee chars always use a shield: true
     0 | D:1      | 0 ||| qw: God list: Okawaru
     0 | D:1      | 0 ||| qw: Allow faded altars: false
     0 | D:1      | 0 ||| qw: Do Orc after clearing Dungeon:15 true
     0 | D:1      | 0 ||| qw: Do second Lair branch before Depths: true
     0 | D:1      | 0 ||| qw: Lair rune preference: random
     0 | D:1      | 0 ||| qw: Goals: Normal
     0 | D:1      | 0 ||| PLANNING D:1-11
   147 | D:1      | HP: 3/12 [quokka (2)]
   206 | D:1      | Reached XP level 2. HP: 16/16 MP: 3/3
   406 | D:1      | Reached skill level 3 in Ranged Weapons
   457 | D:1      | 457 ||| UPGRADING to +0 helmet.
   462 | D:1      | 462 ||| UPGRADING to +0 leather armour.
   472 | D:1      | 472 ||| DROPPING +0 robe.
   473 | D:1      | 473 ||| DROPPING ring of wizardry.
   474 | D:1      | 474 ||| READING 3 scrolls labelled KOIF POUGHUPS.
   475 | D:1      | 475 ||| READING scroll labelled ZEBUOCW XYMNIORGH.
   576 | D:1      | 576 ||| READING scroll labelled VEVIVA MAKKEGGO.
   577 | D:1      | 577 ||| READING scroll labelled XIT HOQUMENWOC.
   578 | D:1      | 578 ||| READING scroll labelled UBROCK NOUXE.
   581 | D:1      | 581 ||| READING 2 scrolls labelled SODOLOINLO.
   582 | D:1      | 582 ||| DROPPING 2 scrolls of vulnerability.
   583 | D:1      | 583 ||| DROPPING scroll of poison.
   600 | D:2      | 600 ||| STAIRDANCE
   643 | D:2      | Reached XP level 3. HP: 21/21 MP: 4/4
   739 | D:2      | Reached XP level 4. HP: 26/26 MP: 5/5
   778 | D:2      | You fall into a shaft and drop 1 floor!
   779 | D:3      | 779 ||| PLANNING SEWER
   813 | D:3      | Reached skill level 4 in Ranged Weapons
   819 | D:3      | Found Feanupyg's Antique Weapon Boutique.
   822 | D:3      | Noticed Sigmund
   825 | D:3      | Noticed Jessica
   829 | D:3      | Killed Jessica
   835 | D:3      | Slain by Sigmund

Levels and vault maps discovered:
D:1:      dpeg_arrival_rooms_c, layout_rooms, serial_park_tiny_pond,
          nicolae_concentric_dashed_squares_mild
D:2:      layout_loops_ring
D:3:      layout_rooms, lemuel_zombie_altar_kikubaaqudgha,
          grunt_temple_overflow_open, lightli_sewer_entry_pipes, serial_shops,
          shop, chequers_serial_rivers_large_b, uniq_jessica, uniq_sigmund

Skill      XL: |  1  2  3  4 |
---------------+-------------+-----
Ranged Weapons | 3 4 |  4.4
Fighting       | 2 |  2.0
Dodging        | |  1.5
Spellcasting   | |  1.0
Hexes          | |  2.6

Action                     |  1- 3 |  4- 6 || total
---------------------------+-------+-------++-------
   Fire: Sling             |    59 |    31 ||    90
    Use: Scroll            |     6 |       ||     6
 Armour: Leather armour    |    13 |    10 ||    23
  Dodge: Dodged            |    22 |     9 ||    31

Table legend:
 A = Non-vault XP
 B = Vault XP
 C = Vault XP percentage of total XP
 D = Non-vault monster count
 E = Vault monster count
 F = Vault count percentage of total count
                 A         B        C        D         E       F
            +---------+---------+-------+---------+---------+-------
      Total |     107 |      37 |  25.7 |      20 |       1 |   4.8
            +---------+---------+-------+---------+---------+-------
        D:1 |      32 |       0 |   0.0 |      10 |       0 |   0.0
        D:2 |      60 |       0 |   0.0 |       8 |       0 |   0.0
        D:3 |      15 |      37 |  71.2 |       2 |       1 |  33.3
            +---------+---------+-------+---------+---------+-------
